 Dungeon Crawl Stone Soup version 0.31.0-11-ge490571c62 (webtiles) character file.

Game seed: 11701038886520950294

75 qw the Shooter (level 4, -3/22 HPs)
             Began as a Spriggan Hunter on Feb 4, 2024.
             Slain by Grinder (6 damage)
             ... while paralysed by Grinder
             ... on level 3 of the Dungeon.
             The game lasted 00:00:23 (1408 turns).

qw the Shooter (Spriggan Hunter)                    Turns: 1408, Time: 00:00:23

Health: -3/22      AC:  2    Str:  7    XL:     4   Next: 11%
Magic:  5/5        EV:  4    Int: 10    God:
Gold:   19         SH:  0    Dex: 20    Spells: 3/3 levels left

rFire   . . .        a - +0 shortbow
rCold   . . .        (shield currently unavailable)
rNeg    . . .        c - +0 robe
rPois   +            (helmet restricted)
rElec   .            (no cloak)
rCorr   .            (gloves unavailable)
SInv    +            (boots unavailable)
Will    .....        (no amulet)
Stlth   ++           g - ring of poison resistance
HPRegen 0.23/turn    (no ring)
MPRegen 0.09/turn

%: no passive effects
@: paralysed, very quick
A: very small, no large weapons, unfitting armour, see invisible, speed 3
a: no special abilities


You were on level 3 of the Dungeon.
You visited 1 branch of the dungeon, and saw 3 of its levels.

You collected 97 gold pieces.
You spent 78 gold pieces at shops.


Innate Abilities, Weirdness & Mutations

You are very small and have problems with some larger weapons.
You are too small for most types of armour.
You have supernaturally acute eyesight. (SInv)
You cover ground extremely quickly. (Speed+++)


   Skills:
 - Level 1.5 Fighting
 - Level 5.2 Ranged Weapons
 + Level 4.0 Dodging
 - Level 1.5 Stealth


You had 3 spell levels left.
You didn't know any spells.
Your spell library was empty.

Inventory:

Hand Weapons
 a - a +0 shortbow (weapon)
Armour
 c - a +0 robe (worn)
Jewellery
 g - a ring of poison resistance (left hand)
Scrolls
 i - a scroll of vulnerability {unknown}
Potions
 b - a potion of lignification {unknown}
 d - a potion of enlightenment
 e - a potion of mutation
 h - 4 potions of curing

Dungeon Overview and Level Annotations

Branches:
Dungeon (3/15)

Altars:

Shops:
D:2 !   D:3 [

Annotations:
D:3 Grinder


Message History

Grinder is heavily wounded.
Grinder hits you.
You shoot an arrow. The arrow barely misses Grinder.
Grinder hits you!
You shoot an arrow. The arrow closely misses Grinder.
Grinder hits you.
You writhe in agony.
You shoot an arrow.
The arrow hits Grinder but does no damage.
Grinder is heavily wounded.
Grinder hits you.
1399 ||| DRINKING potion of heal wounds.
You feel much better. Grinder hits you.
You shoot an arrow. The arrow closely misses Grinder.
Grinder closely misses you.
You shoot an arrow. The arrow hits Grinder.
Grinder is heavily wounded.
Grinder gestures at you.
You struggle to resist.
Grinder misses you.
You shoot an arrow. The arrow hits Grinder.
Grinder is severely wounded.
Grinder hits you!
You writhe in agony.
You shoot an arrow. The arrow hits Grinder.
Grinder is severely wounded.
Grinder hits you but does no damage.
You shoot an arrow. The arrow hits Grinder.
Grinder is severely wounded.
Grinder misses you.
You shoot an arrow. The arrow hits Grinder.
Grinder is severely wounded.
Grinder barely misses you.
You shoot an arrow. The arrow closely misses Grinder.
Grinder misses you.
You shoot an arrow. The arrow closely misses Grinder.
Grinder closely misses you.
You shoot an arrow. The arrow barely misses Grinder.
Grinder gestures at you.
You suddenly lose the ability to move!
Grinder hits you.
You writhe in agony.
You die...
Grinder says, "Now the real fun starts!"

##..........#
##.#.>###### ..
#.## ##
##.#######.
#..........
##.#.#.#.#.#
#........)
########.#.#.#.#
.......@.........
#.####.#5#.#.#.#.#
#...#.....# .
###.......##
#.#.....##.
#.#.....# .. #.#
....# 7P # .# ...
7P### 7P.7


You could see Grinder.

Vanquished Creatures
  Natasha (D:3)
  2 adders (D:2)
  A dart slug (D:1)
  2 endoplasms (D:1)
  A giant cockroach (D:1)
  5 goblins
  5 hobgoblins
  3 kobolds (D:1)
  4 ball pythons
  2 bats
  2 frilled lizards
  2 rats
30 creatures vanquished.

Notes
Turn   | Place    | Note
-------+----------+-------------------------------------------
     0 | D:1      | qw the Spriggan Hunter began the quest for the Orb.
     0 | D:1      | Reached XP level 1. HP: 10/10 MP: 2/2
     0 | D:1      | 0 ||| qw: Version: 0.3-a-160-g6735b56
     0 | D:1      | 0 ||| qw: Game counter: 5676
     0 | D:1      | 0 ||| qw: Melee chars always use a shield: true
     0 | D:1      | 0 ||| qw: God list: Okawaru
     0 | D:1      | 0 ||| qw: Allow faded altars: false
     0 | D:1      | 0 ||| qw: Do Orc after clearing Dungeon:15 true
     0 | D:1      | 0 ||| qw: Do second Lair branch before Depths: true
     0 | D:1      | 0 ||| qw: Lair rune preference: random
     0 | D:1      | 0 ||| qw: Goals: Normal
     0 | D:1      | 0 ||| PLANNING D:1-11
    47 | D:1      | Reached skill level 3 in Dodging
   191 | D:1      | Reached XP level 2. HP: 14/14 MP: 3/3
   486 | D:1      | 486 ||| READING scroll labelled PAOPNEYNADAUM.
   487 | D:1      | 487 ||| READING 2 scrolls labelled MOEPPOD IJAF.
   487 | D:1      | 487 ||| IDENTIFYING coppery potion
   488 | D:1      | 488 ||| READING scroll of identify.
   488 | D:1      | 488 ||| IDENTIFYING fuming dark potion
   489 | D:1      | 489 ||| DROPPING scroll of butterflies.
   589 | D:2      | Reached XP level 3. HP: 15/18 MP: 4/4
  1074 | D:2      | Found Ujomunk's Distillery.
  1077 | D:2      | 1077 ||| BUYING 2 potions of curing (78 gold).
  1077 | D:2      | Bought 2 potions of curing for 78 gold pieces
  1077 | D:2      | 1077 ||| SHOPLISTING potion of curing (39 gold, have 19).
  1077 | D:2      | 1077 ||| SHOPLISTING potion of heal wounds (65 gold, have
                  | 19).
  1077 | D:2      | 1077 ||| SHOPLISTING potion of mutation (104 gold, have
                  | 19).
  1095 | D:2      | 1095 ||| UPGRADING to ring of poison resistance.
  1111 | D:3      | Found Pareruf's Armour Boutique.
  1118 | D:3      | 1118 ||| DRINKING 2 grey potions.
  1205 | D:3      | Noticed Natasha
  1210 | D:3      | Killed Natasha
  1211 | D:3      | Reached skill level 5 in Ranged Weapons
  1211 | D:3      | Reached XP level 4. HP: 15/22 MP: 5/5
  1390 | D:3      | Noticed Grinder
  1398 | D:3      | HP: 5/22 [Grinder (2)]
  1399 | D:3      | 1399 ||| DRINKING potion of heal wounds.
  1408 | D:3      | Paralysed by Grinder for 5 turns
  1408 | D:3      | HP: 3/22 [Grinder (6)]
  1408 | D:3      | Slain by Grinder

Levels and vault maps discovered:
D:1:      evilmike_arrival_plus, layout_basic
D:2:      layout_basic, serial_shops, nicolae_shop_tiny_real_fake_doors
D:3:      layout_basic, serial_shops, shop, interstate_on_off, st_stairs_13,
          wad_woods_river_04, uniq_natasha, uniq_grinder, uniq_sigmund

Skill      XL: |  1  2  3 |
---------------+----------+-----
Dodging        | 3 4 |  4.0
Ranged Weapons | 5 |  5.2
Fighting       | |  1.5
Stealth        | |  1.5

Action                     |  1- 3 |  4- 6 || total
---------------------------+-------+-------++-------
   Fire: Shortbow          |    71 |    17 ||    88
    Use: Scroll            |     3 |       ||     3
         Potion            |     1 |     1 ||     2
 Armour: Robe              |     2 |     8 ||    10
  Dodge: Dodged            |     8 |     6 ||    14

Table legend:
 A = Non-vault XP
 B = Vault XP
 C = Vault XP percentage of total XP
 D = Non-vault monster count
 E = Vault monster count
 F = Vault count percentage of total count
                 A         B        C        D         E       F
            +---------+---------+-------+---------+---------+-------
      Total |      73 |      35 |  32.4 |      29 |       1 |   3.3
            +---------+---------+-------+---------+---------+-------
        D:1 |      33 |       0 |   0.0 |      19 |       0 |   0.0
        D:2 |      38 |       0 |   0.0 |       9 |       0 |   0.0
        D:3 |       2 |      35 |  94.6 |       1 |       1 |  50.0
            +---------+---------+-------+---------+---------+-------
